 Dungeon Crawl Stone Soup version 0.22-a0-551-g3b2bdd4ba6 (webtiles) character file.

357 Faustar the Chopper (level 6, -5/48 HPs)
             Began as a Formicid Abyssal Knight on June 25, 2018.
             Was a Believer of Lugonu.
             Slain by a centaur (10 damage)
             ... on level 4 of the Dungeon.
             The game lasted 00:06:54 (4036 turns).

Faustar the Chopper (Formicid Abyssal Knight)       Turns: 4036, Time: 00:06:54

Health: -5/48      AC: 13    Str: 19    XL:     6   Next: 96%
Magic:  8/8        EV:  9    Int: 11    God:    Lugonu [**....]
Gold:   186        SH:  0    Dex: 10    Spells: 5/5 levels left

rFire    . . .     SeeInvis +   v - +1 war axe
rCold    . . .     Gourm    .   (no shield)
rNeg     . . .     Faith    .   r - +4 scale mail
rPois    .         Spirit   .   (helmet unavailable)
rElec    .         Reflect  .   (no cloak)
rCorr    .         Harm     .   h - +0 pair of gloves
MR       .....                  m - +0 pair of boots
Stlth    ..........             (no amulet)
HPRegen  0.16/turn              (no ring)
MPRegen  0.11/turn              (no ring)

@: no status effects
A: permanent stasis, dig shafts and tunnels, four strong arms, antennae 3
a: Dig, Shaft Self, Depart the Abyss, Bend Space, Renounce Religion


You were on level 4 of the Dungeon.
You worshipped Lugonu.
Lugonu was pleased with you.
You were not hungry.

You visited 1 branch of the dungeon, and saw 4 of its levels.
You visited the Abyss 1 time.
You also visited: Sewer.

You collected 186 gold pieces.

Inventory:

Hand Weapons
 a - a +1 hand axe
 v - a +1 war axe (weapon)
Armour
 b - a +0 leather armour
 h - a +0 pair of gloves (worn)
 m - a +0 pair of boots (worn)
 r - a +4 scale mail (worn)
Scrolls
 d - 2 scrolls of teleportation {unknown}
 j - a scroll of identify
 s - 3 scrolls of random uselessness
Potions
 e - 2 potions of flight {unknown}
 f - a potion of curing
 i - a potion of invisibility {unknown}
 k - a potion of degeneration
 n - 3 potions of mutation {unknown}
 q - 3 potions of heal wounds {unknown}
 u - 3 potions of cancellation {unknown}
Comestibles
 c - 5 rations


   Skills:
 + Level 4.3 Fighting
 * Level 5.0 Axes
 + Level 3.6 Armour
 - Level 0.8 Dodging
 + Level 3.7 Invocations


You had 5 spell levels left.
You didn't know any spells.
Your spell library was empty.

Dungeon Overview and Level Annotations

Branches:
Dungeon (4/15)
 Temple: D:4-7

Altars:
Cheibriados
Vehumet
Yredelemnul


Innate Abilities, Weirdness & Mutations

You cannot be hasted, slowed, berserked, paralysed or teleported.
You can dig through walls and to a lower floor.
Your four strong arms can wield two-handed weapons with a shield.
You have a pair of large antennae on your head. (SInv)


Message History

You see here an arrow.
The centaur shoots an arrow.
The arrow hits you!
The centaur unwields an uncursed shortbow.
The centaur drinks a potion.
The centaur goes berserk!
You see here an arrow.
The centaur hits you but does no damage.
The centaur hits you!
You are too injured to fight recklessly!
You are too injured to fight recklessly!
You barely miss the centaur. You slash the worker ant! The centaur hits you!
* * * LOW HITPOINT WARNING * * *
The centaur hits you.
* * * LOW HITPOINT WARNING * * *
The worker ant bites you.
* * * LOW HITPOINT WARNING * * *
You slash the centaur!
The centaur is moderately wounded.
You barely miss the worker ant. The centaur closely misses you.
The centaur hits you!
You die...

* ########### **** #.........#
,,,******#.........#
**,,,,,,,..........# ##########
*********#.........#####.........
#....[a@((((......######
#.....c...#######.# #.........#
#.# *********#.........# #.#
*,,,,,,,,#.........# #.#
*,******,#####..##.# #.# ** *,*
*,* #...,..# #.# *, *,* *,*
#.##*..# #.# *, *,* *,* *,* *,,*
*,*****,


You could see a centaur (berserk) and a worker ant.

Vanquished Creatures
  A big kobold (Sewer)
  An orc priest (D:3)
  An orc wizard (D:3)
  A worker ant (D:3)
  4 river rats
  6 adders
  3 oozes
  An adder skeleton (D:4)
  7 worms
  3 leopard geckos
  7 orcs (D:3)
  5 giant cockroaches
  5 goblins
  7 hobgoblins
  4 jackals
  6 kobolds
  A quokka (D:2)
  A ball python (D:2)
  5 bats
  4 frilled lizards
  A leopard gecko skeleton (D:4)
  9 rats
83 creatures vanquished.

Notes
Turn   | Place    | Note
-------+----------+-------------------------------------------
     0 | Abyss:1  | Faustar the Formicid Abyssal Knight began the quest for the Orb.
     0 | Abyss:1  | Reached XP level 1. HP: 18/18 MP: 2/2
    40 | Abyss:1  | Noticed a large abomination
    41 | D:1      | Escaped the Abyss
   257 | D:1      | Reached XP level 2. HP: 24/24 MP: 3/3
   340 | D:1      | Reached skill level 3 in Axes
   355 | D:1      | Reached * piety under Lugonu
   692 | D:1      | Reached XP level 3. HP: 29/29 MP: 4/4
  1191 | D:2      | Found a basalt altar of Yredelemnul.
  1220 | D:2      | Found a snail-covered altar of Cheibriados.
  1258 | D:2      | Reached XP level 4. HP: 24/35 MP: 5/5
  2683 | D:3      | Reached skill level 4 in Axes
  2714 | D:3      | Reached XP level 5. HP: 42/42 MP: 7/7
  3163 | D:3      | Found a radiant altar of Vehumet.
  3316 | D:3      | Reached ** piety under Lugonu
  3317 | D:3      | Reached XP level 6. HP: 46/48 MP: 8/8
  3544 | D:4      | Found a glowing drain.
  3549 | Sewer    | Entered a sewer
  3810 | Sewer    | Reached skill level 5 in Axes
  3832 | Sewer    | Found a glowing silver altar of Zin.
  4036 | D:4      | Slain by a centaur

Vault maps used:
D:1:      minmay_arrival_five_plusses, minmay_misc_feat_roman
D:2:      minitemple
D:3:      nicolae_overflow_crystal_walls
D:4:      nicolae_overflow_hidden_temple, lightli_sewer_entry_pipes
Sewer:    sewer_kobolds

Skill      XL: |  1  2  3  4  5  6 |
---------------+-------------------+-----
Axes           | 3 4 5 |  5.0
Armour         | 3 |  3.6
Invocations    | 3 |  3.7
Fighting       | 4 |  4.3
Dodging        | |  0.8

Action                   |  1- 3 |  4- 6 || total
-------------------------+-------+-------++-------
Melee: Hand axe          |    84 |   112 ||   196
       War axe           |       |   124 ||   124
Invok: Depart the Abyss  |     1 |       ||     1
 Abil: Dig               |       |     1 ||     1
  Use: Scroll            |       |     8 ||     8
       Potion            |       |     1 ||     1
  Eat: Chunk             |     1 |    10 ||    11
Armor: Leather armour    |    27 |    17 ||    44
       Scale mail        |       |   107 ||   107
Dodge: Dodged            |    49 |   145 ||   194

Table legend:
 A = Spawn XP
 B = Non-spawn XP
 C = Spawn XP percentage of total XP
 D = Spawn monster count
 E = Non-spawn monster count
 F = Spawn count percentage of total count
 G = Total turns spent on level
                    A         B        C        D         E        F      G
               +---------+---------+-------+---------+---------+-------+---------
         Total |       0 |     510 |   0.0 |       0 |      83 |   0.0 |  4036
               +---------+---------+-------+---------+---------+-------+---------
           D:1 |       0 |      36 |   0.0 |       0 |      15 |   0.0 |   904
           D:2 |       0 |      66 |   0.0 |       0 |      20 |   0.0 |  1158
           D:3 |       0 |     180 |   0.0 |       0 |      22 |   0.0 |  1277
           D:4 |       0 |     107 |   0.0 |       0 |      19 |   0.0 |   329
         Sewer |       0 |     121 |   0.0 |       0 |       7 |   0.0 |   327
               +---------+---------+-------+---------+---------+-------+---------
